 Dungeon Crawl Stone Soup version 0.21.1-1-g345015f (webtiles) character file.

112 Fang the Skirmisher (level 4, -5/30 HPs)
             Began as a Gargoyle Berserker on May 17, 2018.
             Was a Believer of Trog.
             Slain by THUG4L1F3's ghost (8 damage)
             ... on level 3 of the Dungeon.
             The game lasted 00:02:52 (1657 turns).

Fang the Skirmisher (Gargoyle Berserker)            Turns: 1657, Time: 00:02:53

Health: -5/30      AC:  6    Str: 21    XL:     4   Next: 95%
Magic:  4/4        EV: 17    Int:  8    God:    Trog [**....]
Gold:   101        SH:  0    Dex: 14    Spells: 3/3 levels left

rFire    . . .     SeeInvis .   a - +0 hand axe
rCold    . . .     Gourm    .   (no shield)
rNeg     + . .     Faith    .   b - +1 animal skin
rPois    ∞         Spirit   .   (no helmet)
rElec    +         Reflect  .   (no cloak)
rCorr    .         Harm     .   (no gloves)
MR       .....                  (no boots)
Stlth    ++........             (no amulet)
HPRegen  0.10/turn              (no ring)
MPRegen  0.09/turn              (no ring)

@: agile
A: negative energy resistance 1, electricity resistance, unbreathing,
petrification resistance, rot immunity, AC +3
a: Berserk, Trog's Hand, Burn Spellbooks, Renounce Religion


You were on level 3 of the Dungeon.
You worshipped Trog.
Trog was pleased with you.
You were not hungry.

You visited 1 branch of the dungeon, and saw 3 of its levels.

You collected 101 gold pieces.

Inventory:

Hand Weapons
 a - a +0 hand axe (weapon)
Armour
 b - a +1 animal skin (worn)
Wands
 m - a wand of acid (7)
Scrolls
 e - 4 scrolls of remove curse
 h - 2 scrolls of identify {unknown}
 l - a scroll of teleportation {unknown}
 n - a scroll of fear {unknown}
 o - 3 scrolls of fog
Potions
 f - a potion of flight {unknown}
 g - a potion of brilliance {unknown}
Books
 k - a book of Callings

   Spells                             Type                      Level
   a - Summon Small Mammal            Summoning                    1
   b - Call Imp                       Summoning                    2
   c - Call Canine Familiar           Summoning                    3
   d - Summon Guardian Golem          Hexes/Summoning              3
   e - Summon Lightning Spire         Summoning/Air                4
   f - Summon Ice Beast               Ice/Summoning                4
   Trog disapproves of the use of such an item.
Comestibles
 c - 8 rations


   Skills:
 + Level 4.4 Fighting
 + Level 3.8 Axes
 + Level 2.3 Armour
 + Level 2.2 Dodging


You had 3 spell levels left.
You didn't know any spells.

Dungeon Overview and Level Annotations

Branches:
Dungeon (3/15)

Altars:
Elyvilon

Annotations:
D:3 THUG4L1F3's ghost, amateur MiBe


Innate Abilities, Weirdness & Mutations

You are resistant to torment.
Your stone body is resilient. (AC +3)
You are immune to poison.
You resist negative energy. (rN+)
You are resistant to electric shocks. (rElec)
You can survive without breathing.
You are immune to petrification.
You are immune to rotting.


Message History

The quokka bites you but does no damage.
THUG4L1F3's ghost hits you.
* * * LOW HITPOINT WARNING * * *
As you read the scroll labeled LIAWKIOBBE, it crumbles to dust.
You feel blessed for a moment.
It was a scroll of remove curse.
The bat misses you. The quokka misses you. THUG4L1F3's ghost misses you.
The bat misses you.
Unknown command.
As you read the scroll labeled XYURECH SICU, it crumbles to dust.
It is a scroll of enchant armour.
Your +0 animal skin glows green for a moment.
The bat barely misses you. The quokka completely misses you.
THUG4L1F3's ghost hits you.
* * * LOW HITPOINT WARNING * * *
As you read the scroll labeled BEF MEXTESELE, it crumbles to dust.
The scroll dissolves into smoke.
It was a scroll of fog.
The bat barely misses you.
The quokka bites you but does no damage.
The bat closely misses you. THUG4L1F3's ghost hits you!
You die...

#.###..##....# #. #†#
#..###.#.# #. ##.###..#
#.#.# #. ###...##..#
#.#.#####. #...#.....#
#.#....... #.#...###.#
#.#.##.<#.
#.##.####.###.#.##....
###.##§§W§........##..#.
.......§@##...##.......).
......§r#b§....#.###...#.
......§###....... #.....
......( .....#.###..##.
.....♣. ♣..##....(.##.
....... #.#####......[
.....♣) ♣........#.### ..
#######....## #.........


You could see THUG4L1F3's ghost, a quokka and a bat.

Vanquished Creatures
  4 adders
  An ooze (D:2)
  2 worms
  3 leopard geckos
  An orc (D:3)
  4 giant cockroaches
  8 goblins
  11 hobgoblins
  2 ball pythons
  11 bats
  3 frilled lizards
  3 kobolds
  6 rats
59 creatures vanquished.

Notes
Turn   | Place    | Note
-------+----------+-------------------------------------------
     0 | D:1      | Fang the Gargoyle Berserker began the quest for the Orb.
     0 | D:1      | Reached XP level 1. HP: 14/14 MP: 1/1
   146 | D:1      | Reached XP level 2. HP: 16/19 MP: 2/2
   684 | D:2      | Reached skill level 4 in Fighting
   686 | D:2      | Reached XP level 3. HP: 20/24 MP: 3/3
   718 | D:2      | Found a white marble altar of Elyvilon.
   992 | D:2      | Reached ** piety under Trog
   992 | D:2      | Reached XP level 4. HP: 22/29 MP: 4/4
  1647 | D:3      | Noticed THUG4L1F3's ghost (amateur MiBe)
  1657 | D:3      | Slain by THUG4L1F3's ghost

Skill      XL: |  1  2  3 |
---------------+----------+-----
Axes           | 3 |  3.8
Fighting       | 4 |  4.4
Dodging        | 2 |  2.2
Armour         | |  2.3

Action                   |  1- 3 |  4- 6 || total
-------------------------+-------+-------++-------
Melee: Hand axe          |   117 |   102 ||   219
Invok: Berserk           |     1 |       ||     1
  Use: Scroll            |       |     4 ||     4
       Potion            |       |     1 ||     1
  Eat: Chunk             |     1 |     3 ||     4
Armor: Animal skin       |    47 |    40 ||    87
Dodge: Dodged            |   102 |   100 ||   202
